Map: Cerulean Fall LE

Players

GigaPuddi - Winner!

  • Race: Protoss Protoss
  • League: Silver
  • Spawn Location: 7:00

Smileblind

  • Race: Protoss Protoss
  • League: Silver
  • Spawn Location: 1:00

VOD

Have the link to the VOD?

Description

Time

  • Played on: Jan. 16, 2019, 2:08 p.m.
  • Length: 8:57
Show
View Real Time Build Order
Export as new Build Order

GigaPuddi Protoss - Winner!

Build Orders:  

Get SALT Encoding   

  12  0:01  Probe  
  13  0:14  Probe  
  13  0:18  Pylon  
  14  0:26  Probe  
  15  0:39  Gateway, Probe  
  16  0:50  Assimilator, Probe  
  17  0:58  Probe  
  18  1:06  Assimilator  
  18  1:27  Zealot  
  18  1:29  Probe  
  18  1:30  Cybernetics Core  
  20  1:37  Probe  
  20  1:39  Pylon  
  22  1:47  Probe  
  23  1:58  Gateway  
  23  2:05  Adept  
  25  2:20  Warp Gate  
  25  2:43  Stalker  
  27  2:46  Probe  
  28  2:52  Stalker  
  28  2:56  Pylon  
  30  3:04  Robotics Facility  
  30  3:21  Sentry  
  30  3:22  Stalker  
  30  3:27  Pylon  
  34  3:53  Observer  
  35  3:57  Nexus  
  35  3:59  Gateway  
  35  4:07  Assimilator  
  35  4:10  Assimilator  
  35  4:13  Probe  
  36  4:25  Probe  
  36  4:31  Immortal  
  41  4:39  Forge  
  41  4:48  Probe  
  42  4:55  Pylon  
  42  5:01  Probe  
  43  5:09  Stargate  
  43  5:13  Probe  
  44  5:18  Probe  
  45  5:22  Protoss Ground Weapons Level 1  
  45  5:25  Adept x2, Probe  
  50  5:37  Warp Prism  
  52  5:43  Probe  
  52  5:48  Pylon  
  53  5:55  Oracle  
  56  6:15  Shield Battery  
  56  6:17  Photon Cannon  
  56  6:26  Gateway  
  56  6:28  Pylon  
  56  6:38  Void Ray  
  60  6:58  Probe  
  60  7:01  Probe  
  60  7:06  Probe  
  62  7:12  Twilight Council  
  62  7:13  Probe, Pylon  
  62  7:15  Gateway  
  64  7:16  Gateway  
  64  7:25  Void Ray  
  64  7:26  Probe  
  64  7:29  Probe  
  70  7:34  Probe  
  70  7:42  Probe  
  72  7:44  Probe  
  72  7:49  Zealot x3  
  72  7:50  Zealot  
  81  8:10  Stalker x2  
  81  8:20  Stalker x2  
  81  8:21  Stalker x2  
  83  8:41  Stalker x2  
Show
View Real Time Build Order
Export as new Build Order

Smileblind Protoss 

Build Orders:  

Get SALT Encoding   

  12  0:01  Probe  
  13  0:14  Pylon  
  13  0:18  Probe  
  14  0:30  Probe  
  15  0:38  Probe  
  16  0:44  Forge  
  16  0:46  Probe  
  17  0:59  Pylon  
  16  1:35  Gateway  
  16  1:36  Probe  
  17  1:44  Probe  
  17  1:47  Gateway  
  17  1:52  Probe  
  18  1:56  Assimilator  
  19  2:13  Pylon  
  19  2:22  Nexus  
  19  2:27  Zealot  
  20  2:36  Zealot  
  22  3:34  Zealot  
  24  4:02  Photon Cannon  
  24  4:05  Cybernetics Core  
  24  4:10  Pylon  
  24  4:22  Assimilator  
  24  4:23  Protoss Ground Weapons Level 1  
  24  4:28  Probe, Zealot  
  27  4:40  Probe  
  27  4:42  Photon Cannon  
  28  4:52  Probe  
  29  4:55  Zealot  
  31  5:06  Stargate  
  31  5:14  Photon Cannon  
  31  5:18  Shield Battery  
  31  5:23  Warp Gate  
  31  5:33  Robotics Facility  
  31  5:53  Pylon  
  31  6:05  Pylon  
  31  6:11  Stalker x2, Probe  
  36  6:13  Phoenix  
  36  6:16  Pylon  
  38  6:23  Probe  
  39  6:36  Warp Prism  
  39  6:38  Phoenix  
  43  6:47  Stalker  
  43  6:50  Photon Cannon  
  45  7:03  Phoenix, Shield Battery  
  51  7:47  Phoenix  
  53  7:53  Zealot  
  26  8:30  Zealot  
  26  8:31  Zealot  
  8  8:52  Zealot  
  8  8:53  Zealot  
Tags
 
Add a new tag
Caveats
  • Supply blocks, unpowered buildings, or Contaminate may cause inaccurate times.
  • Supply counts are checked every 10 seconds.